 Dungeon Crawl Stone Soup version 0.31.0-4-g52a2dc7128 (webtiles) character file.

Game seed: 17544918929156684397

483 Gottschkopf the Sneak (level 6, -6/50 HPs)
             Began as a Vampire Monk on Jan 23, 2024.
             Was a Priest of Okawaru.
             Shot with an arrow by a centaur (13 damage)
             ... on level 6 of the Dungeon.
             The game lasted 00:06:19 (1102 turns).

Gottschkopf the Sneak (Vampire Monk)                Turns: 1102, Time: 00:06:20

Health: -6/50      AC:  4    Str: 10    XL:     6   Next: 88%
Magic:  6/6        EV: 15    Int: 12    God:    Okawaru [***...]
Gold:   118        SH:  0    Dex: 19    Spells: 5/5 levels left

rFire   . . .        i - +2 short sword (venom)
rCold   + . .        d - orb {light}
rNeg    + . .        b - +0 robe
rPois   .            (no helmet)
rElec   .            (no cloak)
rCorr   .            m - +1 pair of gloves
SInv    +            (no boots)
Will    .....        (no amulet)
Stlth   ++           k - ring of Ynienk {rC+ rN+}
HPRegen 0.48/turn    (no ring)
MPRegen 0.10/turn

%: no passive effects
@: healing quickly, glowing
A: alive, fangs 3, see invisible, vampiric 2
a: Exsanguinate, Renounce Religion, Heroism


You were on level 6 of the Dungeon.
You worshipped Okawaru.
Okawaru was most pleased with you.
You visited 1 branch of the dungeon, and saw 6 of its levels.

You collected 118 gold pieces.

Inventory:

Hand Weapons
 a - a +0 short sword
 i - a +2 short sword of venom (weapon)
Missiles
 f - a throwing net (quivered)
Armour
 b - a +0 robe (worn)
 d - an orb of light (worn)
 m - a +1 pair of gloves (worn)
Jewellery
 k - the ring of Ynienk (left hand) {rC+ rN+}
   (You found it on level 3 of the Dungeon)

   [ring of positive energy]

   rC+:       It protects you from cold.
   rN+:       It protects you from negative energy.
Wands
 p - a wand of polymorph (8)
Scrolls
 e - 2 scrolls of identify
 g - a scroll of teleportation
 h - 2 scrolls of immolation
Potions
 c - a potion of ambrosia
 o - a potion of mutation {unknown}


   Skills:
 + Level 4.8 Fighting
 - Level 3.2 Short Blades
 - Level 1.3 Armour
 + Level 5.3 Dodging
 + Level 5.6 Stealth


You had 5 spell levels left.
You didn't know any spells.
Your spell library contained the following spells:

 Spells                   Type           Power      Damage    Failure   Level
 Apportation              Tloc           0%         N/A       32%         1
 Necrotise                Necr           0%         1d4       32%         1
 Sting                    Conj/Alch      0%         1d3       32%         1
 Summon Small Mammal      Summ           Unusable   N/A       N/A         1

Dungeon Overview and Level Annotations

Branches:
Dungeon (6/15)
 Temple: D:4-7

Altars:
Gozag
Okawaru
Ru

Annotations:
D:3 1 transporter, Jannitor's ghost, amateur VSNe


Innate Abilities, Weirdness & Mutations

Your natural rate of healing is accelerated.
You have razor-sharp teeth.
You have supernaturally acute eyesight. (SInv)
You are afflicted with vampirism and can become a bat while bloodless.


Message History

The orc wizard is severely wounded.
You hit the orc wizard but do no damage.
The orc wizard looks as sick as possible!
The orc wizard is severely wounded.
The orc wizard casts a spell at you. You resist with some effort.
You hit the orc wizard.
You kill the orc wizard!
Okawaru accepts your kill.
Your Dodging skill increases to level 5!
You closely miss the orc wizard.
An orc warrior comes into view. It is wielding a +0 flail.
The orc wizard closely misses you.
You hit the orc wizard.
The orc wizard is poisoned.
The orc wizard is moderately wounded.
A centaur comes into view.
You completely miss the orc warrior.
You hit the orc warrior but do no damage.
The orc warrior is poisoned.
You hit the orc warrior.
The orc warrior looks as sick as possible!
The orc warrior is moderately wounded.
The orc warrior hits you with a +0 flail!
You hit the orc warrior.
The orc warrior looks as sick as possible!
The orc warrior is heavily wounded.
The orc wizard casts a spell.
The orc wizard flickers and vanishes for a moment.
The orc warrior hits you with a +0 flail!
The orc warrior unwields a +0 flail.
The orc warrior wields a +0 orcbow.
The orc warrior shoots an arrow.
The arrow hits you!
The orc warrior shoots an arrow.
The arrow misses you.
The orc warrior shoots an arrow.
The arrow hits you!
* * * LOW HITPOINT WARNING * * *
The orc warrior shoots an arrow.
The arrow barely misses you. Okawaru accepts your kill.
You feel a bit more experienced.
The centaur wields a +0 orcbow.
The centaur shoots an arrow.
The arrow hits you!
You die...

#########
#.c...c.#
#.#####.#
#.#####)#
#.##...c.
#.##.##o##
#@##.##.#
#...<...#
####.####
##.##
#...#
#...#
#...#
##.## #.#


You could see a centaur.

Vanquished Creatures
  Eustachio (D:5)
  An orc warrior (D:6)
  A phantom (D:6)
  2 iguanas
  2 orc wizards
  3 adders (D:4)
  2 dart slugs
  A ribbon worm (D:3)
  5 orcs
  2 ball pythons (D:1)
  3 endoplasms
  A giant cockroach (D:4)
  2 goblins
  2 hobgoblins
  4 quokkas
  A bat (D:1)
  4 kobolds
  A rat (D:1)
38 creatures vanquished.

Notes
Turn   | Place    | Note
-------+----------+-------------------------------------------
     0 | D:1      | Gottschkopf the Vampire Monk began the quest for the Orb.
     0 | D:1      | Reached XP level 1. HP: 17/17 MP: 1/1
    76 | D:1      | Reached XP level 2. HP: 22/24 MP: 2/2
    96 | D:1      | Reached skill level 1 in Armour
   226 | D:2      | Found an iron altar of Okawaru.
   248 | D:2      | Became a worshipper of Warmaster Okawaru
   248 | D:2      | Reached * piety under Okawaru
   248 | D:2      | Reached ** piety under Okawaru
   258 | D:3      | Identified the ring of Ynienk {rC+ rN+}
   272 | D:3      | Found a transporter.
   272 | D:3      | Noticed an ogre
   272 | D:3      | Noticed Jannitor's ghost (amateur VSNe)
   292 | D:3      | Noticed an ogre
   376 | D:3      | Gained mutation: You are afflicted with vampirism and can
                  | become a bat while bloodless. [Vampire growth]
   376 | D:3      | Reached XP level 3. HP: 29/29 MP: 3/3
   432 | D:4      | Reached skill level 1 in Stealth
   456 | D:4      | Found a sacrificial altar of Ru.
   459 | D:4      | Reached XP level 4. HP: 35/35 MP: 4/4
   700 | D:4      | Found an opulent altar of Gozag.
   761 | D:5      | Entered Level 5 of the Dungeon
   837 | D:5      | Noticed Eustachio
   855 | D:5      | HP: 1/37 [quasit[Eustachio] (2)]
   856 | D:5      | Killed Eustachio
   857 | D:5      | Reached XP level 5. HP: 2/42 MP: 5/5
  1007 | D:5      | Reached XP level 6. HP: 49/49 MP: 6/6
  1055 | D:6      | Reached skill level 5 in Stealth
  1087 | D:6      | Reached skill level 5 in Dodging
  1087 | D:6      | Noticed an orc warrior
  1098 | D:6      | Killed an orc warrior
  1098 | D:6      | Reached *** piety under Okawaru
  1102 | D:6      | Shot with an arrow by a centaur

Illustrated notes

Levels and vault maps discovered:
D:1:      dpeg_arrival_renting, layout_loops_ring, basic_ecumenical_altar
D:2:      layout_rooms, basic_altar
D:3:      layout_loops_ring, gammafunk_ghost_smash, minmay_snake_closets,
          uniq_robin
D:4:      mumra_celtic_spiral_tile, layout_loops_ring,
          lemuel_coloured_pillars_altar, nicolae_overflow_crystal_walls,
          nicolae_ru_great_annihilating_truth
D:5:      layout_gridville, mainiacjoe_overflow_divided_tiny, uniq_eustachio
D:6:      layout_loops_cross, temple_green, uniq_prince_ribbit1

Skill      XL: |  1  2  3  4  5  6 |
---------------+-------------------+-----
Fighting       | 3 4 |  4.8
Armour         | 1 |  1.3
Stealth        | 2 4 5 |  5.6
Dodging        | 4 5 |  5.3
Short Blades   | |  3.2

Action                     |  1- 3 |  4- 6 || total
---------------------------+-------+-------++-------
  Melee: Short sword       |    67 |    56 ||   123
         Bite              |    11 |     3 ||    14
    Use: Scroll            |     1 |     5 ||     6
   Stab: Paralysed         |       |     1 ||     1
 Armour: Robe              |    24 |    59 ||    83
  Dodge: Dodged            |    33 |    53 ||    86
